 Dungeon Crawl Stone Soup version 0.16-a0-2818-g1ef6e07 (webtiles) character file.

252 Johnny the Grave Robber (level 5, 0/38 HPs)
             Began as a Demigod Necromancer on Nov 28, 2014.
             Slain by a centaur (8 damage)
             ... on level 5 of the Dungeon.
             The game lasted 00:07:27 (3410 turns).

Johnny the Grave Robber (Demigod Necromancer)       Turns: 3410, Time: 00:07:27

Health: 0/38       AC:  4    Str: 11    XL:     5   Next: 57%
Magic:  1/14       EV: 11    Int: 21    God:
Gold:   148        SH:  3    Dex: 16    Spells: 3 memorised, 2 levels left

rFire  . . .     SeeInvis .     i - +2 dagger (venom)
rCold  . . .     Clarity  .     q - +0 leather armour
rNeg   . . .     SustAb   +     n - +0 buckler (curse)
rPois  .         Gourm    .     (no helmet)
rElec  .         Spirit   .     r - +0 cloak
rCorr  .         Warding  .     (no gloves)
rMut   .         Stasis   .     (no boots)
MR     .....                    d - amulet of inaccuracy (curse)
Stlth  ++........               (no ring)
                                (no ring)

@: not resistant to hostile enchantments, unstealthy
A: sustain abilities
a: no special abilities


You were on level 5 of the Dungeon.
You were hungry.

You visited 1 branch of the dungeon, and saw 5 of its levels.

You collected 148 gold pieces.

Inventory:

Hand weapons
 i - a +2 dagger of venom (weapon)
Armour
 n - a cursed +0 buckler (worn)
 q - a +0 leather armour (worn)
 r - a +0 cloak (worn)
Jewellery
 d - a cursed amulet of inaccuracy (around neck)
 w - an uncursed amulet of resist mutation {unknown}
 x - a +2 ring of dexterity {unknown}
Scrolls
 a - 3 scrolls of enchant weapon {unknown}
 e - 2 scrolls of fear {unknown}
 f - a scroll of recharging {unknown}
 m - 3 scrolls of amnesia {unknown}
 o - a scroll of random uselessness {unknown}
 u - a scroll of blinking {unknown}
 v - a scroll of identify {unknown}
Potions
 g - a potion of might {unknown}
 k - a potion of haste {unknown}
 l - a potion of agility {unknown}
 s - a potion of confusion
Books
 b - a book of Necromancy

   Spells                             Type                      Level
   *Pain                              Necromancy                   1
   Animate Skeleton                   Necromancy                   1
   *Vampiric Draining                 Necromancy                   3
   Regeneration                       Charms/Necromancy            3
   Animate Dead                       Necromancy                   4
   *Control Undead                    Necromancy                   4
Comestibles
 c - 4 bread rations
 h - 2 beef jerkies
 j - 2 meat rations


   Skills:
 * Level 3.5 Dodging
 - Level 1.7 Stealth
 * Level 3.4 Spellcasting
 * Level 4.6 Necromancy


You had 2 spell levels left.
You knew the following spells:

 Your Spells              Type           Power        Failure   Level  Hunger
a - Pain                  Necr           ###.         3%          1    None
b - Control Undead        Necr           ###.......   34%         4    ####...
c - Vampiric Draining     Necr           ###.......   12%         3    ###....


Dungeon Overview and Level Annotations

Branches:
Dungeon (5/15)
 Temple: D:4-7

Annotations:
D:3 Kemay's ghost, average OpTm


Innate Abilities, Weirdness & Mutations

Your attributes are resistant to harm.


Message History

Aim: a hobgoblin, wielding a club You kill the hobgoblin!
You feel life coursing into your body. The centaur hits you.
Unknown command.
Casting: Vampiric Draining
Confirm with . or Enter, or press ? or * to list all spells.
You don't have enough magic to cast that spell.
Unknown command.
You hit the centaur.
The centaur is poisoned.
The centaur is lightly wounded.
The centaur barely misses you. x2
You hit the centaur but do no damage.
The centaur looks even sicker.
The centaur is lightly wounded.
The centaur closely misses you.
You barely miss the centaur.
The centaur is moderately wounded.
The centaur hits you.
* * * LOW HITPOINT WARNING * * *
The centaur hits you!
You die...

##..## .#....
##..#####....#..
##..##..........
#......#......$.
##...####........
#.### ##........ #.#
##......... ##.#
#.())....... ##..#
##.(@c.......
####...###...(#.......
##......##....## .....
#.......#....## ....
##...........# ...
##.........## .
###......## #.....##
#.....#


You could see a centaur.

Vanquished Creatures
  An ogre (D:5)
  A worker ant (D:5)
  An orc wizard (D:4)
  Ijyb (D:2)
  2 adders
  A worm (D:4)
  5 giant geckos
  5 orcs
  2 ball pythons
  A bat zombie (D:5)
  3 giant cockroaches
  8 goblins
  4 hobgoblins
  8 jackals
  7 bats
  3 giant newts
  A jackal skeleton (D:4)
  8 kobolds
  5 rats
67 creatures vanquished.

Notes
Turn   | Place    | Note
--------------------------------------------------------------
     0 | D:1      | Johnny, the Demigod Necromancer, began the quest for the Orb.
     0 | D:1      | Reached XP level 1. HP: 14/14 MP: 3/3
   552 | D:1      | Reached XP level 2. HP: 4/20 MP: 0/5
  1545 | D:2      | Found a basalt altar of Yredelemnul.
  1607 | D:2      | Noticed Ijyb
  1618 | D:2      | Killed Ijyb
  1618 | D:2      | Reached skill level 4 in Necromancy
  1618 | D:2      | Reached XP level 3. HP: 18/26 MP: 0/8
  1997 | D:2      | Found an opulent altar of Gozag.
  2260 | D:3      | Noticed Kemay's ghost (average OpTm)
  2399 | D:3      | Learned a level 3 spell: Vampiric Draining
  2616 | D:3      | Found a snail-covered altar of Cheibriados.
  2805 | D:3      | Reached XP level 4. HP: 27/33 MP: 11/11
  2811 | D:3      | Found a shattered altar of Ashenzari.
  3002 | D:4      | Noticed a phantom
  3205 | D:5      | Entered Level 5 of the Dungeon
  3369 | D:5      | Reached XP level 5. HP: 35/38 MP: 14/14
  3375 | D:5      | Learned a level 4 spell: Control Undead
  3396 | D:5      | Noticed an ogre
  3397 | D:5      | Noticed a centaur
  3406 | D:5      | Killed an ogre
  3410 | D:5      | Slain by a centaur

Action                   |  1- 3 |  4- 6 || total
-------------------------+-------+-------++-------
Melee: Club              |    11 |       ||    11
       Unarmed           |     2 |       ||     2
       Dagger            |   103 |    67 ||   170
 Cast: Pain              |    33 |     2 ||    35
       Vampiric Draining |       |    12 ||    12
  Use: Potion            |       |     4 ||     4
 Stab: Sleeping          |     4 |     1 ||     5
       Distracted        |     1 |       ||     1
  Eat: Chunk             |     6 |     1 ||     7
       Pizza             |       |     1 ||     1
